 Dungeon Crawl Stone Soup version 0.29.1-12-g30fa7ad0bf (webtiles) character file.

Game seed: 8103613821018863584

1599 KittyFluff the Cudgeller (level 8, -6/52 HPs)
             Began as a Gargoyle Berserker on Dec 22, 2022.
             Was a Priest of Trog.
             Mangled by a killer bee (7 damage)
             ... on level 7 of the Dungeon.
             The game lasted 00:26:35 (6526 turns).

KittyFluff the Cudgeller (Gargoyle Berserker)       Turns: 6526, Time: 00:26:37

Health: -6/52      AC: 17    Str: 26    XL:     8   Next: 94%
Magic:  8/8        EV: 13    Int:  9    God:    Trog [***...]
Gold:   388        SH:  0    Dex: 11    Spells: 7/7 levels left

rFire   . . .      SeeInvis .   a - +0 mace
rCold   . . .      Faith    .   (no shield)
rNeg    + . .      Spirit   .   x - +0 leather armour
rPois   ∞          Reflect  .   Q - +0 helmet
rElec   +          Harm     .   (no cloak)
rCorr   .          Rampage  .   L - +2 pair of gloves
Will    .....                   (no boots)
Stlth   ++........              (no amulet)
HPRegen 0.17/turn               B - +4 ring of protection
MPRegen 0.11/turn               v - +6 ring of strength

@: on berserk cooldown, slowed, very slow
A: sickness immunity, AC +5, negative energy resistance 1, electricity
resistance, torment resistance 1, petrification resistance
a: Renounce Religion, Berserk, Trog's Hand


You were on level 7 of the Dungeon.
You worshipped Trog.
Trog was most pleased with you.
You visited 1 branch of the dungeon, and saw 7 of its levels.

You collected 388 gold pieces.

Inventory:

Hand Weapons
 a - a +0 mace (weapon)
 b - a +0 morningstar
 y - a +0 quarterstaff
Missiles
 g - 61 stones (quivered)
 s - 20 poisoned darts
 M - 5 silver javelins
 N - 2 boomerangs
Armour
 x - a +0 leather armour (worn)
 A - the +7 chain mail of Ennui {Harm rC+ Str+3 SInv}
   (You found it on level 4 of the Dungeon)

   Str:       It affects your strength (+3).
   rC:        It protects you from cold.
   SInv:      It lets you see invisible.
   Harm:      It increases damage dealt and taken.
 K - the +6 chain mail of Dithmenos's Reproof {Will+ Int+4 Dex-3}
   (You found it on level 6 of the Dungeon)

   Int:       It affects your intelligence (+4).
   Dex:       It affects your dexterity (-3).
   Will:      It increases your willpower.
 L - a +2 pair of gloves (worn)
 O - a +0 ring mail
 Q - a +0 helmet (worn)
Jewellery
 v - a +6 ring of strength (right hand)
 B - a +4 ring of protection (left hand)
 P - a +6 ring of dexterity
Wands
 C - a wand of flame (12)
Scrolls
 c - 2 scrolls of poison {unknown}
 d - a scroll of summoning {unknown}
 i - 2 scrolls of amnesia {unknown}
 j - 2 scrolls of immolation
 l - 5 scrolls of identify {unknown}
 m - 3 scrolls of blinking {unknown}
 o - a scroll of enchant weapon {unknown}
 p - 2 scrolls of magic mapping {unknown}
 z - a scroll of vulnerability {unknown}
 D - 2 scrolls of fear {unknown}
 E - 2 scrolls of teleportation {unknown}
 I - a scroll of fog {unknown}
 J - a scroll of brand weapon {unknown}
Potions
 e - a potion of resistance {unknown}
 f - 2 potions of cancellation {unknown}
 h - 3 potions of degeneration {unknown}
 k - 4 potions of brilliance {unknown}
 n - 6 potions of curing {unknown}
 q - 2 potions of lignification {unknown}
 t - 4 potions of flight {unknown}
 u - 2 potions of magic {unknown}
 w - a potion of attraction {unknown}
 F - a potion of mutation {unknown}
 G - 4 potions of heal wounds {unknown}
 H - 4 potions of haste


   Skills:
 * Level 6.4 Fighting
 + Level 6.9 Maces & Flails
 * Level 1.7 Throwing
 * Level 5.3 Armour
 + Level 4.2 Dodging
 + Level 2.7 Stealth


You had 7 spell levels left.
You didn't know any spells.
Your spell library was empty.

Dungeon Overview and Level Annotations

Branches:
Dungeon (7/15)             Temple (0/1) D:6

Altars:
Cheibriados
Fedhas
Hepliaklqana
Kikubaaqudgha
Makhleb
Uskayaw
Wu Jian
The Shining One

Shops:
D:7 (


Innate Abilities, Weirdness & Mutations

You are immune to sickness and miasma.
Your stone body is resilient. (AC +5)
You are immune to poison.
You resist negative energy. (rN+)
You are resistant to electric shocks. (rElec)
You are resistant to unholy torment.
You are immune to petrification.


Message History

The killer bee stings you but does no damage.
The killer bee closely misses you. x2; The killer bee barely misses you.
The killer bee stings you but does no damage.
The killer bee stings you.
* * * LOW HITPOINT WARNING * * *
You hit the killer bee.
The killer bee is moderately wounded.
The killer bee stings you but does no damage.
The killer bee closely misses you. The killer bee stings you.
* * * LOW HITPOINT WARNING * * *
You miss the killer bee.
The killer bee is moderately wounded.
The killer bee stings you but does no damage.
The killer bee barely misses you. The killer bee misses you.
The killer bee closely misses you. The killer bee stings you!
* * * LOW HITPOINT WARNING * * *
The killer bee stings you but does no damage.
You barely miss the killer bee.
The killer bee is lightly wounded.
The killer bee misses you. The killer bee barely misses you.
The killer bee stings you but does no damage.
You hit the killer bee.
The killer bee is moderately wounded.
The killer bee stings you.
* * * LOW HITPOINT WARNING * * *
The killer bee barely misses you.
The killer bee stings you but does no damage.
You are too berserk!
You hit the killer bee but do no damage.
The killer bee is moderately wounded.
The killer bee closely misses you. The killer bee misses you. x2
The killer bee stings you but does no damage.
The killer bee misses you. The killer bee closely misses you.
You sock the killer bee!
You kill the killer bee!
Trog accepts your kill.
You are no longer berserk.
You are exhausted.
You feel yourself slow down. The killer bee stings you!
You die...

...# ##....
###.....## ....#
#.#.....##...###..#
>...
..#...............#
... ....
###........## .#
...###..##...#...#
.# .##
...#.####.....##
##...#
#.#..##......#
......
#..y.#....#..#
..###.
##..†@###.#####
...# #...y..####
..## ##...### .##
##.## ## ##


You could see 2 killer bees.

Vanquished Creatures
  2 ice beasts
  A sky beast (D:7)
  An ogre (D:4)
  A centaur (D:6)
  3 phantoms
  A bullfrog (D:7)
  A scorpion (D:4)
  4 killer bees (D:7)
  A howler monkey (D:6)
  A jelly (D:6)
  6 hounds
  A gnoll bouda (D:6)
  3 orc wizards (D:7)
  4 iguanas
  3 gnolls (D:6)
  8 adders
  2 shadow imps
  2 white imps
  An ufetubus (D:4)
  3 dart slugs
  12 orcs
  8 bats
  5 endoplasms
  2 giant cockroaches
  4 goblins
  6 hobgoblins
  3 jackals (D:5)
  5 quokkas
  5 ball pythons
  3 frilled lizards
  7 kobolds
  6 rats
115 creatures vanquished.

Vanquished Creatures (others)
  5 fungi (D:4)
5 creatures vanquished.

Grand Total: 120 creatures vanquished

Notes
Turn   | Place    | Note
-------+----------+-------------------------------------------
     0 | D:1      | KittyFluff the Gargoyle Berserker began the quest for the
                  | Orb.
     0 | D:1      | Reached XP level 1. HP: 14/14 MP: 1/1
    50 | D:1      | Reached XP level 2. HP: 15/19 MP: 2/2
   763 | D:1      | You fall into a shaft and drop 1 floor!
   912 | D:1      | Found a faded altar of an unknown god.
  1459 | D:2      | Reached XP level 3. HP: 24/24 MP: 3/3
  1764 | D:2      | Found an ancient bone altar of Kikubaaqudgha.
  1818 | D:2      | Reached ** piety under Trog
  2192 | D:3      | Found a glowing golden altar of the Shining One.
  2912 | D:3      | Reached skill level 1 in Stealth
  2912 | D:3      | Reached XP level 4. HP: 28/29 MP: 4/4
  3221 | D:4      | Found a burning altar of Makhleb.
  3221 | D:4      | Found a hazy altar of Hepliaklqana.
  3288 | D:4      | Found a snail-covered altar of Cheibriados.
  3301 | D:4      | Identified the +7 chain mail of Ennui {Harm rC+ Str+3 SInv}
  3445 | D:4      | Found a blossoming altar of Fedhas.
  3518 | D:4      | Reached XP level 5. HP: 25/33 MP: 5/5
  3631 | D:4      | Noticed an ogre
  3687 | D:4      | Killed an ogre
  3688 | D:4      | Reached XP level 6. HP: 39/39 MP: 6/6
  3813 | D:5      | Entered Level 5 of the Dungeon
  4343 | D:5      | Reached skill level 5 in Fighting
  4343 | D:5      | Reached XP level 7. HP: 29/44 MP: 7/7
  4600 | D:5      | Reached skill level 5 in Maces & Flails
  4619 | D:5      | Reached *** piety under Trog
  5014 | D:6      | Found a staircase to the Ecumenical Temple.
  5211 | D:6      | Identified the +6 chain mail of Dithmenos's Reproof {Will+
                  | Int+4 Dex-3}
  5316 | D:6      | Reached XP level 8. HP: 48/51 MP: 8/8
  5677 | D:6      | Noticed a +0 hand axe
  5677 | D:6      | Noticed a +0 dagger
  5679 | D:6      | Found a hide-covered altar of Uskayaw.
  5886 | D:6      | Found an ornate altar of the Wu Jian Council.
  6011 | D:7      | Found Gyett's Antique Weapon Shop.
  6176 | D:7      | Reached skill level 5 in Armour
  6247 | D:7      | Reached skill level 1 in Throwing
  6524 | D:7      | HP: 1/78 [killer bee (4)]
  6526 | D:7      | Mangled by a killer bee

Illustrated notes

Levels and vault maps discovered:
D:1:      lightli_arrival_isolated_outpost, layout_loops_ring,
          ebering_ecumenical_altar_hall
D:2:      layout_basic, basic_altar, nrook_mini_vaults, st_stairs_13
D:3:      minmay_recursive_quarters, layout_loops_ring, lemuel_doored_altar,
          serial_glass, glass_columns_a, glass_columns_b, glass_columns_a,
          glass_columns_a, glass_columns_a, glass_columns_a
D:4:      layout_rooms, mainiacjoe_overflow_chevrons,
          chequers_temple_overflow_statue_of_worship
D:5:      layout_loops_ring
D:6:      layout_basic, dancing_weapons_uskayaw, general_overflow_altar,
          temple_fountains
D:7:      minmay_angry_zag, layout_cave_pools, serial_shops, shop_fountains

Skill      XL: |  1  2  3  4  5  6  7  8 |
---------------+-------------------------+-----
Fighting       | 4 5 6 |  6.4
Dodging        | 2 3 4 |  4.2
Stealth        | 1 2 |  2.7
Maces & Flails | 4 5 6 |  6.9
Armour         | 3 4 5 |  5.3
Throwing       | 1 |  1.7

Action                   |  1- 3 |  4- 6 |  7- 9 || total
-------------------------+-------+-------+-------++-------
Melee: Mace              |   130 |   134 |   289 ||   553
       Punch             |     1 |     3 |     5 ||     9
Invok: Berserk           |       |     1 |     1 ||     2
  Use: Scroll            |       |     2 |     1 ||     3
 Stab: Sleeping          |     2 |     1 |       ||     3
Armor: Animal skin       |    61 |    40 |       ||   101
       Leather armour    |       |    34 |   217 ||   251
Dodge: Dodged            |    96 |   116 |   234 ||   446
